 Dungeon Crawl Stone Soup version 0.18.1-47-g9310371 (webtiles) character file.

168 Gagarin the Covered (level 5, 0/33 HPs)
             Began as a Gargoyle Fighter on June 17, 2016.
             Slain by Sigmund
             ... wielding a +1 scythe of flaming
              (4 damage)
             ... on level 3 of the Dungeon.
             The game lasted 00:05:40 (2238 turns).

Gagarin the Covered (Gargoyle Fighter)              Turns: 2238, Time: 00:05:41

Health: 0/33       AC: 12    Str: 26    XL:     5   Next: 49%
Magic:  5/5        EV:  8    Int:  8    God:
Gold:   105        SH: 10    Dex:  9    Spells: 0 memorised, 4 levels left

rFire  . . .     SeeInvis .     a - +0 flail
rCold  . . .     Gourm    .     b - +0 scale mail
rNeg   + . .     Faith    .     c - +0 shield
rPois  ∞         Spirit   .     (no helmet)
rElec  +         Dismiss  .     t - +0 cloak
rCorr  .         Reflect  .     (no gloves)
SustAt .         Harm     .     (no boots)
MR     .....                    (no amulet)
Stlth  ..........               (no ring)
                                (no ring)

@: mighty, not resistant to hostile enchantments, extremely unstealthy
A: negative energy resistance 1, electricity resistance, unbreathing,
petrification resistance, rot immunity, AC +4
a: no special abilities


You were on level 3 of the Dungeon.
You were hungry.

You visited 1 branch of the dungeon, and saw 3 of its levels.

You collected 105 gold pieces.

Inventory:

Hand Weapons
 a - a +0 flail (weapon)
 l - a cursed -2 whip
 x - a +0 hunting sling
Armour
 b - a +0 scale mail (worn)
 c - a +0 shield (worn)
 t - a +0 cloak (worn)
Jewellery
 w - a cursed ring of loudness {unknown}
Scrolls
 e - 4 scrolls of identify {unknown}
 k - a scroll of fear {unknown}
 q - a scroll of remove curse {unknown}
 r - a scroll of enchant weapon {unknown}
 u - a scroll of teleportation {unknown}
 v - 2 scrolls of recharging {unknown}
Potions
 i - 2 potions of heal wounds {unknown}
 j - 2 potions of resistance {unknown}
 m - a potion of lignification {unknown}
 n - a potion of curing {unknown}
 o - a potion of haste {unknown}
Comestibles
 f - 2 bread rations
 g - 2 fruits
 h - a slice of pizza
 p - 3 meat rations
 s - a chunk of flesh


   Skills:
 + Level 4.0 Fighting
 + Level 2.8 Maces & Flails
 + Level 4.2 Armour
 + Level 1.7 Dodging
 + Level 0.2 Stealth
 + Level 4.1 Shields


You had 4 spell levels left.
You didn't know any spells.

Dungeon Overview and Level Annotations

Branches:
Dungeon (3/15)

Altars:
Nemelex Xobeh
Zin

Annotations:
D:3 Sigmund


Innate Abilities, Weirdness & Mutations

You are resistant to torment.
Your stone body is resilient (AC +4).
You are immune to poison.
You resist negative energy.
You are resistant to electric shocks.
You can survive without breathing.
You are immune to petrification.
You are immune to rotting.


Message History

Sigmund is severely wounded.
You closely miss Sigmund.
Sigmund is severely wounded.
Sigmund hits you with a scythe of flaming!
* * * LOW HITPOINT WARNING * * *
Sigmund burns you.
* * * LOW HITPOINT WARNING * * *
You bump into the rock wall.
Sigmund hits you with a scythe of flaming.
* * * LOW HITPOINT WARNING * * *
Sigmund burns you.
* * * LOW HITPOINT WARNING * * *
You bump into the rock wall.
You are feeling hungry.
Sigmund mumbles some strange words.
Sigmund flickers and vanishes!
You miss something.
You feel less confused. Something hits you.
You die...

#....... #.###### #.# #.# #.#
#.# #.# #############.#
#J{@..........#
#############.##################
#.......J.......................
#.###########.########.#########
#.# #.# #.# #.######### #.# #.#
#>.......)# #.# #.#
#J#######.###.# #.# #.# #..##.#
#.#


You could see an ooze.

Vanquished Creatures
  The ghost of Thrillho the Firebug, an amateur DEFE (D:3)
  Terence (D:3)
  3 adders (D:2)
  An ooze (D:3)
  A dart slug (D:3)
  A giant gecko (D:1)
  5 bats
  2 giant cockroaches (D:2)
  8 goblins
  6 hobgoblins
  2 kobolds (D:1)
  2 quokkas
  2 ball pythons
  2 giant newts (D:1)
  3 rats
40 creatures vanquished.

Notes
Turn   | Place    | Note
--------------------------------------------------------------
     0 | D:1      | Gagarin the Gargoyle Fighter began the quest for the Orb.
     0 | D:1      | Reached XP level 1. HP: 14/14 MP: 1/1
   308 | D:1      | Reached XP level 2. HP: 19/19 MP: 2/2
   435 | D:1      | Found a sparkling altar of Nemelex Xobeh.
   965 | D:2      | Reached XP level 3. HP: 24/24 MP: 3/3
  1517 | D:2      | Reached skill level 1 in Dodging
  1612 | D:2      | Found a glowing silver altar of Zin.
  1625 | D:2      | Reached XP level 4. HP: 26/29 MP: 4/4
  1792 | D:3      | Noticed Thrillho's ghost (amateur DEFE)
  1802 | D:3      | Killed Thrillho's ghost
  1802 | D:3      | Reached XP level 5. HP: 17/33 MP: 5/5
  2001 | D:3      | Noticed Terence
  2009 | D:3      | Killed Terence
  2104 | D:3      | Noticed Sigmund
  2238 | D:3      | Slain by Sigmund

Skill      XL: |  1  2  3  4 |
---------------+-------------+-----
Dodging        | 1 |  1.7
Fighting       | 4 |  4.0
Armour         | 4 |  4.2
Shields        | 4 |  4.1
Maces & Flails | |  2.8
Stealth        | |  0.2

Action                   |  1- 3 |  4- 6 || total
-------------------------+-------+-------++-------
Melee: Flail             |   132 |    40 ||   172
  Use: Potion            |       |     1 ||     1
  Eat: Chunk             |     2 |     2 ||     4
Armor: Scale mail        |    92 |    25 ||   117
Dodge: Dodged            |    39 |    25 ||    64
Block: Shield            |    84 |    17 ||   101
